 Dungeon Sprint DCSS version 0.29-a0-1033-gb6c65ffae6 (webtiles) character file.

Game seed: 18401849072423318807

12429 enile the Fetichist (level 11, -27/83 HPs)
             Began as an Octopode Air Elementalist on Aug 15, 2022.
             Was the Champion of Vehumet.
             Killed from afar by an ice dragon (38 damage)
             ... with a blast of cold
             ... in the Dungeon (Sprint V: "Ziggurat Sprint").
             The game lasted 00:09:51 (1307 turns).

enile the Fetichist (Octopode Air Elementalist)     Turns: 1307, Time: 00:09:51

Health: -27/83     AC:  5    Str: 17    XL:     11   Next: 93%
Magic:  0/30       EV: 15    Int: 45    God:    Vehumet [******]
Gold:   0          SH:  0    Dex: 26    Spells: 27/40 levels left

rFire   + + .      SeeInvis .   z - +7 Singing Sword {vorpal, sonic wave}
rCold   . . .      Faith    .   (no shield)
rNeg    + . .      Spirit   +   (helmet restricted)
rPois   +          Reflect  .   W - amulet "Anaebebing" {Spirit rPois rN+}
rElec   +          Harm     .   q - +6 ring of dexterity
rCorr   .          Rampage  .   s - ring "Puimyej" {rElec Int+6}
Will    +....      NoTele   +   u - +6 ring of strength
Stlth   +++++.....              r - +6 ring of dexterity
HPRegen 0.23/turn               p - +6 ring of intelligence
MPRegen 0.22/turn               t - +6 ring of intelligence
                                v - ring "Deonkao" {rElec Will+ AC+4 Str+4}
                                L - ring of Incredulity {rF++ Int+6}

@: animating dead, studying Polearms
A: almost no armour, amphibious, 8 rings, camouflage 1, gelatinous body 1,
(nimble swimmer 1), tentacles
a: Renounce Religion


You were in the Dungeon.
You worshipped Vehumet.
Vehumet was exalted by your worship.
You visited 1 branch

Inventory:

Hand Weapons
 z - the +7 Singing Sword (weapon) {vorpal, sonic wave}
   (You found it in the Dungeon)

   It inflicts extra damage upon your enemies.
   It radiates damaging sonic waves as it strikes, especially in combat
   involving dangerous or numerous foes.
 A - the +7 great mace "Firestarter" {inner flame, rF++}
   (You found it in the Dungeon)

   It burns those it strikes, dealing additional fire damage.
   It fills those it strikes with an explosive inner flame.
   It grants immunity to clouds of flame.
   rF:        It greatly protects you from fire.
 B - the +11 plutonium sword {Contam Stlth-}
   (You found it in the Dungeon)

   It occasionally inflicts wild transmutation effects on those it strikes,
   inflicting malmutation or extra damage, or polymorphing them into a new form.
   Contam:    It causes magical contamination when unequipped.
   Stlth:     It makes you less stealthy.
 C - the +13 scythe of Curses {drain, Drain}
   (You found it in the Dungeon)

   A truly terrible weapon, it drains the life of any living foe it strikes.
   It inflicts powerful necromantic curses on any living foe it strikes.
   Drain:     It drains your maximum health when unequipped.
 D - the +6 shillelagh "Devastator" {shatter}
   (You found it in the Dungeon)

   It releases a powerful concussive burst when it strikes, dealing extra damage
   to the target and all other foes adjacent to them.
 E - the +8 storm bow {elec, penet}
   (You found it in the Dungeon)

   Any ammunition fired from it occasionally discharges a powerful burst of
   electricity upon striking a foe.
   Any ammunition fired by it passes through the targets it hits, potentially
   hitting all targets in its path until it reaches maximum range.
 F - the +6 Majin-Bo {vamp, MP+6 Int+6}
   (You found it in the Dungeon)

   It heals its wielder for a portion of the damage dealt when they wound a
   living foe with it or with a spell.
   Its wielder's spells cost health as well as magical power.
   Int:       It affects your intelligence (+6).
   MP:        It affects your magic capacity (+6).
 G - the +14 obsidian axe {vorpal, Mesm Drain Fly SInv}
   (You found it in the Dungeon)

   It inflicts extra damage upon your enemies.
   It occasionally summons demons to assist the wielder when it strikes in
   combat.
   Its wielder is mesmerised by any visible foes.
   It cannot be unequipped while any foes are visible.
   SInv:      It lets you see invisible.
   Fly:       It grants you flight.
   Drain:     It drains your maximum health when unequipped.
 O - the +11 glaive "Idom" {drain, Int+2}
   (You found it in the Dungeon)

   A truly terrible weapon, it drains the life of any living foe it strikes.
   Int:       It affects your intelligence (+2).
 R - the +6 whip of the Slime-mould {elec, rCorr}
   (You found it in the Dungeon)

   It occasionally discharges a powerful burst of electricity upon striking a
   foe.
   rCorr:     It protects you from acid and corrosion.
Magical Staves
 N - a staff of conjuration
 P - a staff of fire
 V - a staff of poison
Jewellery
 j - the necklace of Bloodlust {*Rage Will++ Int-3 Slay+6}
   (You found it in the Dungeon)

   [amulet of nothing]

   It extends the wearer's berserk rage when killing foes.
   Int:       It affects your intelligence (-3).
   Slay:      It affects your accuracy & damage with ranged weapons and melee
   (+6).
   *Rage:     It berserks you when you make melee attacks (+50% chance).
   Will:      It greatly increases your willpower.
 p - a +6 ring of intelligence (on tentacle)
 q - a +6 ring of dexterity (left tentacle)
 r - a +6 ring of dexterity (on tentacle)
 s - the ring "Puimyej" (right tentacle) {rElec Int+6}
   (You found it in the Dungeon)

   [ring of intelligence]

   Int:       It affects your intelligence (+6).
   rElec:     It insulates you from electricity.
 t - a +6 ring of intelligence (on tentacle)
 u - a +6 ring of strength (on tentacle)
 v - the ring "Deonkao" (on tentacle) {rElec Will+ AC+4 Str+4}
   (You found it in the Dungeon)

   [ring of protection]

   AC:        It affects your AC (+4).
   Str:       It affects your strength (+4).
   rElec:     It insulates you from electricity.
   Will:      It increases your willpower.
 L - the ring of Incredulity (on tentacle) {rF++ Int+6}
   (You found it in the Dungeon)

   [ring of intelligence]

   Int:       It affects your intelligence (+6).
   rF:        It greatly protects you from fire.
 W - the amulet "Anaebebing" (around mantle) {Spirit rPois rN+}
   (You found it in the Dungeon)

   [amulet of guardian spirit]

   It causes incoming damage to be divided between your reserves of health and
   magic.
   rPois:     It protects you from poison.
   rN:        It protects you from negative energy.
 Y - the amulet of Hehonkuu {Faith Str+8}
   (You found it in the Dungeon)

   [amulet of faith]

   It allows you to gain divine favour quickly.
   Str:       It affects your strength (+8).
 Z - the ring "Jaxoryi" {Fly Str+6}
   (You found it in the Dungeon)

   [ring of strength]

   Str:       It affects your strength (+6).
   Fly:       It grants you flight.
Wands
 w - a wand of mindburst (7)
 x - a wand of iceblast (7)
 y - a wand of quicksilver (3)
Scrolls
 l - 4 scrolls of amnesia
 m - 7 scrolls of fog
 n - 5 scrolls of identify
 o - 2 scrolls of fear
Potions
 a - 8 potions of magic
 b - 9 potions of curing
 c - 4 potions of heal wounds
 d - 6 potions of haste
 e - 3 potions of berserk rage
 g - 2 potions of brilliance
 h - a potion of invisibility
 i - 2 potions of resistance
 k - 5 potions of might
Miscellaneous
 H - a lightning rod (4/4)
 I - a tin of tremorstones (2/2)
 J - a phantom mirror
 K - a lightning rod (4/4)
 M - a tin of tremorstones (2/2)
 Q - a condenser vane
 S - a piece from Xom's chessboard (15/15)
 T - a box of beasts
 U - a tin of tremorstones (2/2)
 X - a condenser vane


   Skills:
 + Level 11.0 Fighting
 - Level 4.0 Long Blades
 - Level 3.2 Dodging
 - Level 7.0 Stealth
 - Level 15.0 Spellcasting
 - Level 2.6 Conjurations
 - Level 5.0 Necromancy
 - Level 8.4 Transmutations
 - Level 13.0 Ice Magic
 - Level 3.9 Air Magic
 - Level 15.0 Evocations


You had 27 spell levels left.
You knew the following spells:

 Your Spells              Type           Power      Damage    Failure   Level
a - Shock                 Conj/Air       100%       1d9       1%          1
b - Magic Dart            Conj           100%       1d8       1%          1
c - Ozocubu's Refrigerat  Ice            50%        4d18      1%          7
d - Animate Dead          Necr           68%        N/A       1%          4

Your spell library contained the following spells:

 Spells                   Type           Power      Damage    Failure   Level
 Conjure Ball Lightning   Conj/Air       29%        3x3d8     9%          6
 Ozocubu's Armour         Ice            100%       N/A       0%          3
 Static Discharge         Conj/Air       59%        3-11/arc  1%          2
 Dazzling Flash           Conj/Hex       90%        N/A       1%          3
 Swiftness                Air            62%        N/A       1%          3
 Airstrike                Air            31%        2d(5-21)  1%          4
 Iskenderun's Mystic Bla  Conj/Tloc      45%        2d10      1%          4
 Petrify                  Tmut/Erth      64%        N/A       1%          4
 Metabolic Englaciation   Hex/Ice        37%        N/A       1%          5
 Summon Guardian Golem    Hex/Summ       33%        N/A       2%          3
 Agony                    Necr           68%        N/A       2%          5
 Cause Fear               Hex            16%        N/A       8%          4
 Borgnjor's Vile Clutch   Necr/Erth      27%        N/A       8%          5
 Silence                  Hex/Air        25%        N/A       10%         5
 Death Channel            Necr           34%        N/A       14%         6
 Starburst                Conj/Fire      22%        6d8       17%         6
 Statue Form              Tmut/Erth      42%        N/A       21%         6
 Enfeeble                 Hex            16%        N/A       99%         7


Dungeon Overview and Level Annotations

Branches:
Dungeon (1/1)

Altars:
Ashenzari
Cheibriados
Dithmenos
Elyvilon
Fedhas
Gozag
Hepliaklqana
Kikubaaqudgha
Makhleb
Nemelex Xobeh
Okawaru
Qazlal
Ru
Sif Muna
Trog
Uskayaw
Vehumet
Wu Jian
Xom
Yredelemnul
Zin
The Shining One
Jiyva
Lugonu

Annotations:
D 1 transporter


Innate Abilities, Weirdness & Mutations

You cannot wear most types of armour.
You are amphibious.
You can wear up to eight rings at the same time.
Your skin changes colour to match your surroundings (Stealth+).
Your rubbery body absorbs attacks. (AC +1, EV +1)
((You are camouflaged when in or above water. (Stealth+)))
You have tentacles for arms and can constrict up to eight enemies at once.


Message History

The blast of cold hits the ice dragon.
The ice dragon resists.
The blast of cold misses you.
You feel sick.
The wyvern dies!
The dead are flying!
Your wyvern zombie closely misses the fire dragon.
Your fire dragon zombie bites the fire dragon!
The fire dragon dies!
Vehumet accepts your kill.
The dead are flying!
The death drake bites your wyvern zombie.
The ice dragon breathes frost at you. The blast of cold hits you!!!
* * * LOW HITPOINT WARNING * * *
Something bites your three-headed hydra zombie.
Something claws your three-headed hydra zombie!
Something rips one of your three-headed hydra zombie's heads off!
Something tramples your two-headed hydra zombie!
Your two-headed hydra zombie stumbles backwards!
Your two-headed hydra zombie bites the ice dragon but does no damage. x2
Your wyvern zombie bites the death drake!
Training target 15.0 for Spellcasting reached!
Your Spellcasting skill increases to level 15!
You need to enable at least one skill for training.
Your Fighting skill increases to level 11!
You feel better.
Your wyvern zombie misses the death drake.
Your wyvern zombie barely misses the death drake.
Your two-headed hydra zombie bites the ice dragon.
Your two-headed hydra zombie bites the ice dragon!
Blink to where?
Press: ? - help, Dir - move target, p - death drake
Found six items.
Found a transporter.
As you read the scroll of blinking, it crumbles to dust.
Your wyvern zombie bites the death drake.
The ice dragon breathes frost at you.
The blast of cold hits your fire dragon zombie!
Your fire dragon zombie resists.
The blast of cold hits you!!!
You die...

▓.....†...▓..
▓.........▓..
▓.........▓..
▓.▓..†..▓.▓.▓
▓....©....▓..
▓▓▓▓▓▓▓▓▓▓▓▓▓▓▓▓▓▓▓▓▓▓▓▓
...8©8...▓...8©8...▓...8
..}[:|:).▓...||[}..▓..).
▓..§§)[)@.▓..)|.)=..▓...[
▓...§.....▓.........▓....
▓..§.§ZZ..▓.........▓....
▓..§§.D...▓.........▓....
▓..§§§Z...▓.........▓....
▓..▓..Z▓..▓.........▓.▓..
▓.▓..Zkk▓.▓.▓.....▓.▓....
▓....©Z..D▓....©....▓▓▓▓▓
▓▓▓▓▓▓▓▓▓▓▓▓▓▓▓▓▓▓▓▓▓


You could see 2 ice dragons, 2 death drakes, a swamp drake zombie, a friendly
two-headed hydra zombie, 2 friendly wyvern zombies and 2 friendly fire dragon
zombies.

Vanquished Creatures
  A tentacled starspawn (D)
  A fire dragon (D)
  An ice dragon (D)
  A hydra (D)
  A thrashing horror (D)
  2 wolf spiders (D)
  A black mamba (D)
  An orange demon (D)
  A freezing wraith (D)
  2 rime drakes (D)
  A tarantella (D)
  A polar bear (D)
  A hornet (D)
  4 spriggans (D)
  A wyvern (D)
  A basilisk (D)
  A yak (D)
  A redback (D)
  2 nagas (D)
  A swamp drake (D)
  An ice beast (D)
  A black bear (D)
  2 wolves (D)
  A rime drake zombie (D)
  3 phantoms (D)
  4 bullfrogs (D)
  5 necrophages (D)
  2 scorpions (D)
  A polar bear zombie (D)
  2 crimson imps (D)
  2 iguanas (D)
  An ice beast zombie (D)
  2 adders (D)
  3 river rats (D)
  3 white imps (D)
  An ufetubus (D)
  4 jackals (D)
  3 ball pythons (D)
  A ball python skeleton (D)
  A starspawn tentacle (D)
69 creatures vanquished.

Vanquished Creatures (collateral kills)
  A tentacled starspawn (D)
  A blizzard demon (D)
  A fire dragon (D)
  A will-o-the-wisp (D)
  A white imp (D)
  2 starspawn tentacles (D)
7 creatures vanquished.

Vanquished Creatures (others)
  A wyvern (D)
  A rime drake zombie (D)
  3 starspawn tentacles (D)
5 creatures vanquished.

Grand Total: 81 creatures vanquished

Notes
Turn   | Place    | Note
-------+----------+-------------------------------------------
     0 | D        | enile the Octopode Air Elementalist began the quest for the
                  | Orb.
     0 | D        | Reached XP level 1. HP: 11/11 MP: 3/3
     0 | D        | Found a shimmering blue altar of Sif Muna.
     0 | D        | Found a sacrificial altar of Ru.
     0 | D        | Found a bloodstained altar of Trog.
     0 | D        | Found a stormy altar of Qazlal.
     0 | D        | Found an iron altar of Okawaru.
     0 | D        | Found a sparkling altar of Nemelex Xobeh.
     0 | D        | Found a blossoming altar of Fedhas.
     0 | D        | Found the +6 Majin-Bo {vamp, MP+6 Int+6}
     0 | D        | Found the +9 heavy crossbow "Sniper" {vorpal, Acc+∞ SInv}
     0 | D        | Found the +10 dark maul {vorpal}
     0 | D        | Found the +15 Maxwell's patent armour {-Cast -Tele rElec
                  | Will+ rCorr}
     0 | D        | Found the +18 shield of the Gong {rElec rN+ Will+ EV-5}
     0 | D        | Found the +14 obsidian axe {vorpal, Mesm Drain Fly SInv}
     0 | D        | Found the +7 great mace "Firestarter" {inner flame, rF++}
     0 | D        | Found the +6 shillelagh "Devastator" {shatter}
     0 | D        | Found the +11 plutonium sword {Contam Stlth-}
     0 | D        | Found the +8 lance "Wyrmbane" {slay drac, rPois rF+ rC+
                  | AC+3}
     0 | D        | Found the +9 sword of Zonguldrok {reap}
     0 | D        | Found the +13 scythe of Curses {drain, Drain}
     0 | D        | Found the +5 sword of Power {vorpal}
     0 | D        | Found the +7 mace of Variability {chain chaos}
     0 | D        | Found the +7 Singing Sword {vorpal, sonic wave}
     0 | D        | Found the +8 storm bow {elec, penet}
     2 | D        | Found a transporter.
     2 | D        | Found an ancient bone altar of Kikubaaqudgha.
     2 | D        | Found a viscous altar of Jiyva.
     2 | D        | Found a corrupted altar of Lugonu.
     2 | D        | Found a hazy altar of Hepliaklqana.
     2 | D        | Found a burning altar of Makhleb.
     2 | D        | Found an opulent altar of Gozag.
    43 | D        | Reached skill level 5 in Fighting
    43 | D        | Reached skill level 5 in Evocations
    43 | D        | Reached XP level 2. HP: 24/24 MP: 5/5
    79 | D        | Became a worshipper of Vehumet
    94 | D        | Entered arena 2.
    94 | D        | Found the necklace of Bloodlust {*Rage Will++ Int-3 Slay+6}
    94 | D        | Noticed a necrophage
    94 | D        | Noticed a necrophage
    94 | D        | Found a transporter.
   102 | D        | Killed a necrophage
   103 | D        | Reached XP level 3. HP: 22/29 MP: 5/7
   103 | D        | Reached XP level 4. HP: 26/35 MP: 5/8
   105 | D        | Killed a necrophage
   106 | D        | Reached XP level 5. HP: 7/43 MP: 5/9
   379 | D        | Entered arena 3.
   379 | D        | Noticed a phantom
   379 | D        | Noticed a phantom
   379 | D        | Found a transporter.
   383 | D        | Killed a phantom
   383 | D        | Reached * piety under Vehumet
   383 | D        | Offered knowledge of Magic Dart by Vehumet.
   387 | D        | Killed a phantom
   388 | D        | Reached skill level 10 in Fighting
   388 | D        | Reached XP level 6. HP: 54/54 MP: 9/13
   423 | D        | Entered arena 4.
   423 | D        | Found a transporter.
   425 | D        | Reached ** piety under Vehumet
   428 | D        | Reached XP level 7. HP: 59/59 MP: 15/17
   446 | D        | Got the ring of Incredulity {rF++ Int+6}
   450 | D        | Learned a level 1 spell: Magic Dart
   458 | D        | Entered arena 5.
   458 | D        | Found a transporter.
   463 | D        | Reached *** piety under Vehumet
   463 | D        | Offered knowledge of Searing Ray by Vehumet.
   478 | D        | Entered arena 6.
   478 | D        | Noticed a yak
   478 | D        | Found a transporter.
   481 | D        | Reached **** piety under Vehumet
   486 | D        | Reached skill level 10 in Evocations
   487 | D        | Killed a yak
   534 | D        | Got the +11 glaive "Idom" {drain, Int+2}
   542 | D        | Entered arena 7.
   542 | D        | Noticed a spriggan rider
   542 | D        | Noticed a spriggan
   542 | D        | Noticed a spriggan
   542 | D        | Noticed a spriggan
   547 | D        | Killed a spriggan
   547 | D        | Reached ***** piety under Vehumet
   548 | D        | Reached XP level 8. HP: 64/64 MP: 19/21
   548 | D        | Killed a spriggan
   549 | D        | Reached skill level 10 in Spellcasting
   550 | D        | Killed a spriggan
   551 | D        | Reached skill level 5 in Transmutations
   554 | D        | Killed a spriggan rider
   554 | D        | Killed a hornet
   555 | D        | Reached XP level 9. HP: 46/70 MP: 23/23
   669 | D        | Found a transporter.
   682 | D        | Got the +6 whip of the Slime-mould {elec, rCorr}
   688 | D        | Entered arena 8.
   688 | D        | Noticed a wolf spider
   688 | D        | Noticed a tarantella
   688 | D        | Noticed a wolf spider
   692 | D        | Offered knowledge of Poisonous Vapours by Vehumet.
   692 | D        | Killed a wolf spider
   693 | D        | Reached ****** piety under Vehumet
   693 | D        | Killed a wolf spider
   694 | D        | Reached skill level 15 in Evocations
   696 | D        | Killed a tarantella
   697 | D        | Reached XP level 10. HP: 76/76 MP: 24/24
   738 | D        | Found a transporter.
   755 | D        | Learned a level 7 spell: Ozocubu's Refrigeration
   763 | D        | Entered arena 9.
   774 | D        | Found a transporter.
   835 | D        | Entered arena 10.
   835 | D        | Noticed a black mamba
   843 | D        | Offered knowledge of Ignite Poison by Vehumet.
   846 | D        | Reached skill level 5 in Ice Magic
   849 | D        | Killed a black mamba
   850 | D        | Found a transporter.
   856 | D        | Got the amulet "Anaebebing" {Spirit rPois rN+}
   929 | D        | Entered arena 11.
   929 | D        | Noticed a will-o-the-wisp
   929 | D        | Noticed a tentacled starspawn
   929 | D        | Noticed a tentacled starspawn
   929 | D        | Noticed an orange demon
   929 | D        | Noticed a thrashing horror
   933 | D        | Killed an orange demon
   936 | D        | Found a transporter.
   940 | D        | Killed a thrashing horror
   941 | D        | Reached skill level 10 in Ice Magic
   941 | D        | Killed a will-o-the-wisp
   942 | D        | Killed a tentacled starspawn
   943 | D        | Reached XP level 11. HP: 54/81 MP: 16/25
   943 | D        | Killed a tentacled starspawn
  1060 | D        | Got the amulet of Hehonkuu {Faith Str+8}
  1062 | D        | Got the ring "Jaxoryi" {Fly Str+6}
  1075 | D        | Got the ring "Puimyej" {rElec Int+6}
  1088 | D        | Learned a level 4 spell: Animate Dead
  1095 | D        | Entered arena 12.
  1096 | D        | Noticed an ice dragon
  1097 | D        | Noticed a blizzard demon
  1100 | D        | Offered knowledge of Irradiate by Vehumet.
  1105 | D        | Found a transporter.
  1109 | D        | Reached skill level 1 in Necromancy
  1110 | D        | Killed a blizzard demon
  1111 | D        | Reached skill level 5 in Necromancy
  1111 | D        | Killed an ice dragon
  1276 | D        | Got the ring "Deonkao" {rElec Will+ AC+4 Str+4}
  1283 | D        | Got the Tome of Bewitchment
  1297 | D        | Entered arena 13.
  1297 | D        | Noticed a death drake
  1297 | D        | Noticed a death drake
  1297 | D        | Noticed an ice dragon
  1297 | D        | Noticed a four-headed hydra
  1297 | D        | Noticed a fire dragon
  1298 | D        | Noticed a fire dragon
  1298 | D        | Noticed a fire dragon
  1300 | D        | Offered knowledge of Conjure Ball Lightning by Vehumet.
  1301 | D        | Noticed an ice dragon
  1302 | D        | Killed a four-headed hydra
  1303 | D        | Killed a fire dragon
  1305 | D        | Killed a fire dragon
  1305 | D        | HP: 1/81 [ice dragon/blast of cold (32)]
  1306 | D        | Reached skill level 15 in Spellcasting
  1307 | D        | Found a transporter.
  1307 | D        | Killed from afar by an ice dragon

Illustrated notes

Levels and vault maps discovered:
D:        sprint_v [room_start, room_1, room_2, room_3, room_4, room_5, room_6,
          room_7, room_8, room_9, room_10, room_11, room_12, room_13, room_14,
          room_15, room_16, room_17, room_18, room_19, room_20, room_21,
          room_22, room_23, room_24, room_25, room_26, room_27]

Skill      XL: |  1  2  3  4  5  6  7  8  9 10 11 |
---------------+----------------------------------+-----
Fighting       | 5 7 10 11 | 11.0
Evocations     | 5 7 10 12 15 | 15.0
Dodging        | 3 |  3.2
Stealth        | 4 7 |  7.0
Spellcasting   | 3 4 7 9 10 15 | 15.0
Conjurations   | 2 |  2.6
Long Blades    | 4 |  4.0
Transmutations | 7 8 |  8.4
Ice Magic      | 13 | 13.0
Necromancy     | 5 |  5.0
Air Magic      | |  3.9

Action                   |  1- 3 |  4- 6 |  7- 9 | 10-12 || total
-------------------------+-------+-------+-------+-------++-------
Melee: Double sword      |     3 |     7 |    14 |    13 ||    37
       Constrict         |     1 |     1 |     2 |     2 ||     6
       Tentacles         |       |     1 |       |     3 ||     4
 Cast: Ozocubu's Refrige |       |       |       |     1 ||     1
       Animate Dead      |       |       |       |     2 ||     2
Evoke: Wand              |     2 |       |     2 |       ||     4
       Lightning rod     |     1 |     4 |     6 |     3 ||    14
       Phantom mirror    |       |       |     1 |     2 ||     3
       Condenser vane    |       |       |       |     6 ||     6
       Box of beasts     |       |       |       |     1 ||     1
       Piece from Xom's  |       |       |       |     1 ||     1
  Use: Potion            |     2 |       |     2 |     7 ||    11
       Scroll            |     1 |       |       |     3 ||     4
Armor: Skin              |       |       |     1 |     5 ||     6
Dodge: Dodged            |     6 |     3 |     7 |    22 ||    38

Table legend: (Time is in decaauts)
 A = Elapsed time spent in this place.
 B = Non-inter-level travel time spent in this place.
 C = Inter-level travel time spent in this place.
 D = Time resting spent in this place.
 E = Time spent auto-exploring this place.
 F = Levels seen in this place.
 G = Mean time per level.
                   A        B        C        D        E       F      G
               +--------+--------+--------+--------+--------+-----+--------+
         Total |   1350 |   1345 |      5 |     93 |    777 |   1 | 1350.0 |
       Dungeon |   1350 |   1345 |      5 |     93 |    777 |   1 | 1350.0 |
               +--------+--------+--------+--------+--------+-----+--------+

Top non-repeatable levels by time:
       D: 1350 daAuts
